Map: World of Sleepers LE

Players

Kas

  • Race: Terran Terran
  • Spawn Location: 7:00

IIIIIIIII (Has) - Winner!

  • Race: Protoss Protoss
  • Spawn Location: 1:00

Event: IEM Katowice 2020

VOD

Have the link to the VOD?

Description

Time

  • Played on: Feb. 24, 2020, 9:05 a.m.
  • Length: 7:34

All games in this series

Show
View Real Time Build Order
Export as new Build Order

Kas Terran 

Build Orders: Cyclone Opening, Gas First Reaper Expand 

Get SALT Encoding   

  12  0:00  SCV  
  13  0:13  SCV  
  14  0:17  Supply Depot  
  14  0:25  SCV  
  14  0:27  Refinery  
  15  0:38  SCV  
  16  0:44  Barracks  
  16  0:50  SCV  
  17  1:03  SCV  
  18  1:15  SCV  
  19  1:31  Reaper, Orbital Command  
  20  1:41  Command Center  
  20  1:52  Factory  
  20  1:57  SCV  
  21  2:02  Refinery  
  21  2:06  Barracks Reactor  
  21  2:09  SCV  
  21  2:15  Supply Depot  
  22  2:21  SCV  
  23  2:30  Bunker  
  23  2:33  SCV  
  23  2:38  Factory Tech Lab  
  23  2:44  Marine x2  
  25  2:57  Cyclone  
  27  3:02  Marine x2  
  27  3:06  SCV  
  25  3:20  Marine x2  
  27  3:36  Siege Tank  
  27  3:39  Marine  
  31  3:45  SCV, Supply Depot  
  31  4:00  Supply Depot  
  31  4:08  Starport  
  31  4:22  SCV, Marine x2  
  34  4:33  Siege Tank  
  34  4:34  SCV  
  38  4:39  Marine  
  38  4:45  Supply Depot  
  39  4:46  Marine  
  39  4:51  SCV  
  38  5:03  Starport Tech Lab  
  38  5:04  SCV  
  39  5:12  Marine  
  40  5:16  SCV  
  41  5:22  Raven  
  41  5:24  Marine  
  44  5:35  Supply Depot  
  44  5:40  SCV  
  45  5:43  Supply Depot  
  45  5:45  Marine  
  46  5:57  Siege Tank  
  49  5:58  Marine  
  50  6:04  Marine  
  50  6:05  SCV  
  50  6:07  Liberator  
  53  6:18  Marine  
  53  6:21  SCV  
  53  6:22  Marine  
  53  6:23  Engineering Bay  
  52  6:35  SCV  
  52  6:36  Marine  
  54  6:40  Marine  
  55  6:47  SCV  
  55  6:54  Marine, Siege Tank  
  56  6:57  Marine  
Show
View Real Time Build Order
Export as new Build Order

IIIIIIIII Protoss - Winner!

Build Orders: Mass Phoenix 

Get SALT Encoding   

  12  0:00  Probe  
  13  0:13  Probe  
  14  0:17  Pylon  
  14  0:25  Probe  
  15  0:35  Gateway  
  15  0:37  Probe  
  16  0:43  Assimilator  
  16  0:49  Probe  
  17  0:56  Pylon  
  17  1:01  Probe  
  18  1:13  Probe  
  18  1:14  Gateway  
  19  1:22  Cybernetics Core  
  19  1:26  Probe  
  19  1:30  Assimilator  
  20  1:38  Probe  
  21  1:50  Probe  
  22  1:56  Adept (Chrono Boost)  
  22  1:58  Shield Battery  
  22  2:00  Stalker (Chrono Boost)  
  24  2:03  Warp Gate  
  24  2:06  Probe  
  27  2:17  Pylon  
  27  2:23  Probe, Stalker (Chrono Boost)  
  31  2:41  Shield Battery  
  31  2:43  Shield Battery  
  30  2:47  Stalker  
  30  2:49  Probe  
  33  2:57  Shield Battery  
  33  3:04  Probe  
  34  3:16  Probe  
  36  3:34  Probe  
  36  3:40  Nexus  
  36  3:46  Probe  
  37  3:52  Stargate  
  37  4:01  Stargate  
  38  4:05  Pylon  
  38  4:09  Probe  
  38  4:16  Protoss Air Weapons Level 1 (Chrono Boost), Pylon  
  38  4:28  Adept x2  
  42  4:33  Pylon  
  42  4:36  Phoenix (Chrono Boost)  
  44  4:39  Probe  
  46  4:59  Phoenix (Chrono Boost)  
  45  5:00  Phoenix (Chrono Boost)  
  45  5:05  Assimilator  
  47  5:09  Probe x2  
  49  5:20  Phoenix (Chrono Boost)  
  53  5:22  Phoenix (Chrono Boost)  
  53  5:25  Probe  
  54  5:28  Probe  
  55  5:36  Phoenix (Chrono Boost)  
  55  5:38  Probe  
  58  5:48  Shield Battery  
  58  5:49  Shield Battery  
  58  5:50  Pylon  
  58  5:55  Phoenix (Chrono Boost)  
  60  5:58  Phoenix  
  63  6:05  Assimilator  
  63  6:07  Pylon  
  63  6:11  Probe x2  
  64  6:17  Phoenix  
  66  6:23  Probe  
  67  6:26  Phoenix (Chrono Boost)  
  69  6:34  Shield Battery x2  
  69  6:36  Zealot  
  71  6:40  Shield Battery  
  73  6:52  Phoenix (Chrono Boost)  
  73  6:54  Pylon, Phoenix (Chrono Boost)  
  73  6:57  Zealot  
  77  7:05  Pylon  
  77  7:06  Pylon  

Tags
 
Add a new tag
Caveats
  • Supply blocks, unpowered buildings, or Contaminate may cause inaccurate times.
  • Supply counts are checked every 10 seconds.